 Dungeon Crawl Stone Soup version 0.19-a0-835-gf140595 (webtiles) character file.

734 scalarboson the Skirmisher (level 7, -17/57 HPs)
             Began as a Demonspawn Abyssal Knight on June 30, 2016.
             Was a Believer of Lugonu.
             Killed from afar by mamga's ghost (29 damage)
             ... with a bolt of negative energy
             ... on level 5 of the Dungeon.
             The game lasted 00:11:25 (4735 turns).

scalarboson the Skirmisher (DsAK)                   Turns: 4735, Time: 00:11:25

Health: -17/57     AC: 14    Str: 14    XL:     7   Next: 45%
Magic:  9/9        EV:  4    Int: 13    God:    Lugonu [**....]
Gold:   132        SH:  0    Dex: 13    Spells: 0 memorised, 6 levels left

rFire  . . .     SeeInvis .     a - +1 falchion
rCold  . . .     Gourm    .     d - +1 plate armour
rNeg   . . .     Faith    .     (no shield)
rPois  .         Spirit   .     p - +0 helmet
rElec  .         Dismiss  +     (no cloak)
rCorr  .         Reflect  .     (no gloves)
SustAt .         Harm     .     (no boots)
MR     .....                    q - amulet of dismissal
Stlth  ..........               (no ring)
                                h - ring of flight

@: heavily drained, not resistant to hostile enchantments, extremely unstealthy
A: hooves 1, rugged brown scales 1, foul stench 1, rot immunity
a: Depart the Abyss, Bend Space, Renounce Religion, Evoke Flight


You were on level 5 of the Dungeon.
You worshipped Lugonu.
Lugonu was pleased with you.
You were full.

You visited 1 branch of the dungeon, and saw 5 of its levels.
You visited the Abyss 1 time.

You collected 132 gold pieces.

Inventory:

Hand Weapons
 a - a +1 falchion (weapon)
Armour
 b - a +0 leather armour
 d - a +1 plate armour (worn)
 p - a +0 helmet (worn)
Jewellery
 h - a ring of flight (left hand)
 q - an amulet of dismissal (around neck)
Wands
 j - a wand of confusion (16/48)
 n - a wand of polymorph (23/24)
 s - a wand of flame (14/48)
Scrolls
 f - 2 scrolls of recharging
 i - a scroll of amnesia
 k - 2 scrolls of identify
 o - a scroll of magic mapping {unknown}
Potions
 c - 2 potions of degeneration {unknown}
 e - a potion of flight
 r - a potion of mutation {unknown}
 t - a potion of heal wounds {unknown}
Books
 l - a book of Necromancy

   Spells                             Type                      Level
   a - Pain                           Necromancy                   1
   b - Animate Skeleton               Necromancy                   1
   c - Vampiric Draining              Necromancy                   3
   d - Regeneration                   Charms/Necromancy            3
   e - Animate Dead                   Necromancy                   4
   f - Control Undead                 Necromancy                   4
Comestibles
 g - 3 bread rations
 m - 2 fruits


   Skills:
 + Level 5.1(3.8) Fighting
 + Level 4.4(3.2) Long Blades
 + Level 4.5(3.3) Armour
 + Level 1.7(0.6) Dodging
 + Level 0.6(0.0) Stealth
 + Level 3.4(2.3) Invocations


You had 6 spell levels left.
You didn't know any spells.

Dungeon Overview and Level Annotations

Branches:
Dungeon (5/15)             Temple (0/1) D:5

Altars:
Vehumet
Xom

Shops:
D:4 *

Annotations:
D:4 jejorda2's ghost, amateur MfBe
D:5 mamga's ghost, novice DrWr


Innate Abilities, Weirdness & Mutations

You have large cloven feet.
You are partially covered in rugged brown scales. (AC +1, +3% HP)
You may emit foul miasma when damaged in melee.
You are immune to rotting.


Message History

Mamga's ghost freezes you.
You hit mamga's ghost but do no damage. Your kick misses mamga's ghost.
Mamga's ghost hits you! Mamga's ghost freezes you.
You closely miss mamga's ghost. Your kick misses mamga's ghost.
Mamga's ghost breathes negative energy at you.
The bolt of negative energy hits you!
You feel drained.
* * * LOW HITPOINT WARNING * * *
Mamga's ghost hits you but does no damage.
Okay, then.
Okay, then.
Okay, then.
Mamga's ghost hits you.
* * * LOW HITPOINT WARNING * * *
Mamga's ghost freezes you.
* * * LOW HITPOINT WARNING * * *
Okay, then.
Mamga's ghost breathes negative energy at you.
The bolt of negative energy hits you!
You feel drained.
Ouch! That really hurt!
You die...

..........>.#....#
.########.#.#..#.#
........#.#.#..#.#
#######.#.#.#..#.#
..........#.#..#.#
..<####.###.#..#W#
...# #.# #.#..#.#
...####.###.#..#.#
.........##.# #@#
.....W...##.# #.#
.........##.# #.#
............# #.#
..........#....#.#
#######.#.#.####.#
#.#.#.. #.#
###.#.#.## #.#
#####...#.###


You could see mamga's ghost.

Vanquished Creatures
  An ice beast (D:5)
  A phantom (D:4)
  2 scorpions (D:5)
  A giant frog zombie (D:5)
  A jelly (D:5)
  2 hounds
  An orc wizard (D:4)
  2 giant frog skeletons
  A hound skeleton (D:5)
  7 adders
  2 oozes
  An adder skeleton (D:4)
  4 worms
  3 dart slugs (D:1)
  4 giant geckos
  8 orcs
  4 bats
  3 giant cockroaches
  7 goblins
  3 hobgoblins
  5 jackals (D:4)
  2 quokkas
  A giant cockroach zombie (D:5)
  12 giant newts
  12 kobolds
  A quokka skeleton (D:4)
  4 rats
95 creatures vanquished.

Vanquished Creatures (others)
  A phantom (D:5)
1 creature vanquished.

Grand Total: 96 creatures vanquished

Notes
Turn   | Place    | Note
--------------------------------------------------------------
     0 | Abyss:1  | scalarboson the Demonspawn Abyssal Knight began the quest for the Orb.
     0 | Abyss:1  | Reached XP level 1. HP: 18/18 MP: 2/2
    36 | Abyss:1  | Noticed an Executioner
    36 | D:1      | Escaped the Abyss
   229 | D:1      | Gained mutation: You are partially covered in rugged brown scales. (AC +1, +3% HP) [demonic ancestry]
   229 | D:1      | Reached XP level 2. HP: 18/24 MP: 3/3
   255 | D:1      | Reached * piety under Lugonu
   255 | D:1      | Reached skill level 1 in Dodging
   721 | D:2      | Gained mutation: You are immune to rotting. [demonic ancestry]
   721 | D:2      | Reached XP level 3. HP: 29/29 MP: 5/5
  1204 | D:2      | Gained mutation: You have large cloven feet. [demonic ancestry]
  1204 | D:2      | Reached XP level 4. HP: 12/38 MP: 6/6
  1245 | D:2      | Reached ** piety under Lugonu
  1903 | D:3      | Reached skill level 4 in Fighting
  2601 | D:4      | Reached XP level 5. HP: 36/43 MP: 7/7
  2879 | D:4      | Noticed a phantom
  2918 | D:4      | Killed a phantom
  2918 | D:4      | Gained mutation: You may emit foul miasma when damaged in melee. [demonic ancestry]
  2918 | D:4      | Reached XP level 6. HP: 22/50 MP: 8/8
  3103 | D:4      | Noticed jejorda2's ghost (amateur MfBe)
  3207 | D:4      | Found Gacig's Assorted Antiques.
  3267 | D:5      | Entered Level 5 of the Dungeon
  3616 | D:5      | Noticed mamga's ghost (novice DrWr)
  3910 | D:5      | Found a shimmering altar of Xom.
  3966 | D:5      | Found a staircase to the Ecumenical Temple.
  4005 | D:5      | Reached *** piety under Lugonu
  4082 | D:5      | Found a radiant altar of Vehumet.
  4093 | D:5      | Reached XP level 7. HP: 46/56 MP: 9/9
  4471 | D:5      | Reached skill level 5 in Fighting
  4735 | D:5      | Killed from afar by mamga's ghost

Vault maps used:
D:1:      erik_arrival_triangle_small
D:2:      minmay_lizard_king
D:4:      first_bread, serial_shops, kennysheep_mini
D:5:      xom_teletrap_fun, vehumet_altar_wand_db

Skill      XL: |  1  2  3  4  5  6  7 |
---------------+----------------------+-----
Dodging        | 1 |  1.7
Long Blades    | 2 3 4 |  4.4
Invocations    | 3 |  3.4
Armour         | 2 3 4 |  4.5
Fighting       | 4 5 |  5.1
Stealth        | |  0.6

Action                   |  1- 3 |  4- 6 |  7- 9 || total
-------------------------+-------+-------+-------++-------
Melee: Falchion          |   166 |   325 |    57 ||   548
       Kick              |       |   102 |    18 ||   120
Invok: Depart the Abyss  |     1 |       |       ||     1
       Bend Space        |       |     2 |       ||     2
       Banish            |       |       |     1 ||     1
  Use: Scroll            |     5 |     5 |       ||    10
       Potion            |     4 |     7 |       ||    11
 Stab: Invisible         |       |     1 |       ||     1
  Eat: Bread ration      |     1 |     2 |       ||     3
       Chunk             |       |     4 |       ||     4
       Fruit             |       |     1 |       ||     1
       Pizza             |       |     1 |       ||     1
Armor: Plate armour      |   162 |   278 |    45 ||   485
       Leather armour    |     1 |       |       ||     1
Dodge: Dodged            |    28 |    74 |     7 ||   109
